[Event "XVII Orsha-2019 Open"]
[Site "Orsha"]
[Date "2019.01.20"]
[Round "5.29"]
[White "Tsesler, Yakau"]
[Black "Slesareva, Miraslava"]
[Result "1-0"]
[ECO "E11"]
[WhiteElo "1895"]
[BlackElo "1626"]
[PlyCount "115"]
[EventDate "2019.01.18"]
[EventType "swiss"]
[EventCountry "BLR"]
[TimeControl "5400+30"]

1. d4 Nf6 2. c4 e6 3. Nf3 Bb4+ 4. Bd2 Bxd2+ 5. Nbxd2 d5 6. e3 O-O 7. Bd3 b6 8. O-O Bb7 9. Qc2 Nbd7 10. Rac1 c5 11. cxd5 exd5 12. dxc5 Nxc5 13. Be2 Rc8 14. Qb1 Nfe4 15. Rfd1 Qf6 16. Nb3 Nxb3 17. axb3 Nc5 18. b4 Ne6 19. h3 Qe7 20. b5 Rc5 21. Bd3 g6 22. Qa2 Ra8 23. Qa4 Qe8 24. Qb4 Qc8 25. Qd2 Qd8 26. Bf1 Rac8 27. b4 Rxc1 28. Rxc1 Rxc1 29. Qxc1 Qc7 30. Qd2 Kf8 31. Qa2 Ba8 32. Qa1 Kg8 33. Ne5 f5 34. Nf3 Qg7 35. Qc1 Qc7 36. Qd2 Qd6 37. Qc3 Qc7 38. Qf6 Qf7 39. Qe5 Nf8 40. Qb8 Qb7 41. Qe5 Qg7 42. Qd6 Qd7 43. Qf6 Qg7 44. Qd8 Bb7 45. Qb8 Qe7 46. Nd4 Kf7 47. Qxa7 Qc7 48. Nc6 Nd7 49. Qxb7 Qxb7 50. Nd8+ Ke7 51. Nxb7 Nf6 52. f3 Kd7 53. Kh2 Kc7 54. Na5 bxa5 55. bxa5 Nd7 56. Kg3 Nc5 57. Kf4 h6 58. Ke5 1-0

[Event "XVII Orsha-2019 Open"]
[Site "Orsha"]
[Date "2019.01.20"]
[Round "5.30"]
[White "Dolgopyatov, Andrey"]
[Black "Ivanov, Igor"]
[Result "1-0"]
[ECO "A48"]
[WhiteElo "1393"]
[BlackElo "2131"]
[PlyCount "71"]
[EventDate "2019.01.18"]
[EventType "swiss"]
[EventCountry "BLR"]
[TimeControl "5400+30"]

1. d4 Nf6 2. Nf3 g6 3. Bg5 Bg7 4. Nbd2 O-O 5. e4 d6 6. c3 b6 7. Bd3 Bb7 8. h3 c5 9. d5 Nbd7 10. O-O Qc7 11. Re1 a6 12. Nf1 b5 13. Qd2 Nb6 14. Ng3 Rfe8 15. h4 h5 16. Bh6 Bh8 17. Qg5 Nh7 18. Qd2 Nd7 19. Ng5 Ndf6 20. Qf4 Nxg5 21. Qxg5 Nh7 22. Qf4 e5 23. dxe6 Rxe6 24. Rad1 Rae8 25. Nxh5 gxh5 26. e5 Nf8 27. Qg5+ Ng6 28. f4 Bg7 29. Bxg7 Kxg7 30. f5 Rxe5 31. f6+ Kh7 32. Rxe5 Rxe5 33. Bf5 Qd8 34. Bxg6+ fxg6 35. Qxe5 d5 36. Qe7+ 1-0

[Event "XVII Orsha-2019 Open"]
[Site "Orsha"]
[Date "2019.01.20"]
[Round "5.31"]
[White "Sychou, Dzmitry"]
[Black "Sukalina, Alina"]
[Result "0-1"]
[ECO "A13"]
[WhiteElo "1847"]
[BlackElo "1546"]
[PlyCount "62"]
[EventDate "2019.01.18"]
[EventType "swiss"]
[EventCountry "BLR"]
[TimeControl "5400+30"]

1. c4 e6 2. g3 d5 3. Bg2 Nf6 4. Nf3 c6 5. b3 Bd6 6. Bb2 Nbd7 7. O-O b6 8. d3 Bb7 9. Nbd2 e5 10. cxd5 cxd5 11. d4 e4 12. Ne5 O-O 13. h3 Re8 14. Nxd7 Qxd7 15. e3 Ba6 16. Re1 Rac8 17. Kh2 Bd3 18. Bf1 Rc2 19. Bc1 Bb4 20. a3 Bc3 21. Rb1 Rc8 22. Kg2 Ra2 23. Bxd3 exd3 24. Rf1 Bxd2 25. Bxd2 Rcc2 26. Bb4 a5 27. Bxa5 bxa5 28. Qxd3 Ne4 29. Rbc1 Rxf2+ 30. Rxf2 Rxf2+ 31. Kg1 Qxh3 0-1

[Event "XVII Orsha-2019 Open"]
[Site "Orsha"]
[Date "2019.01.20"]
[Round "5.32"]
[White "Simonian, Anna"]
[Black "Volchkov, Ivan"]
[Result "0-1"]
[ECO "B34"]
[WhiteElo "1289"]
[BlackElo "1685"]
[PlyCount "72"]
[EventDate "2019.01.18"]
[EventType "swiss"]
[EventCountry "BLR"]
[TimeControl "5400+30"]

1. e4 c5 2. Nf3 Nc6 3. d4 cxd4 4. Nxd4 g6 5. Nc3 Bg7 6. Be3 Nf6 7. f3 O-O 8. Qd2 d5 9. exd5 Nxd5 10. Nxd5 Qxd5 11. Nxc6 Qxc6 12. O-O-O Be6 13. Kb1 a5 14. h4 h5 15. Be2 Rac8 16. g4 hxg4 17. fxg4 Qa4 18. a3 Bxg4 19. Bxg4 Qxg4 20. Rdg1 Qe4 21. h5 Rfd8 22. Qf2 Qe5 23. c3 Rxc3 24. hxg6 Qe4+ 25. Ka2 Qc4+ 26. Kb1 Qe4+ 27. Ka2 Qe6+ 28. Kb1 Qe4+ 29. Ka2 Qc4+ 30. Kb1 Qd3+ 31. Ka2 Rxa3+ 32. bxa3 Qc4+ 33. Kb1 Qb3+ 34. Kc1 Qxa3+ 35. Kb1 Qa1+ 36. Kc2 Qb2# 0-1

[Event "XVII Orsha-2019 Open"]
[Site "Orsha"]
[Date "2019.01.20"]
[Round "5.33"]
[White "Poghosyan, Sarmen"]
[Black "Elkin, Leonid"]
[Result "0-1"]
[ECO "B20"]
[WhiteElo "1361"]
[BlackElo "2085"]
[PlyCount "88"]
[EventDate "2019.01.18"]
[EventType "swiss"]
[EventCountry "BLR"]
[TimeControl "5400+30"]

1. e4 c5 2. Ne2 d6 3. g3 g6 4. Bg2 Bg7 5. O-O Nc6 6. c3 e5 7. d3 Nge7 8. f4 O-O 9. Be3 Qb6 10. Nd2 Bg4 11. Nc4 Qc7 12. h3 Be6 13. fxe5 Nxe5 14. Nxe5 dxe5 15. Rc1 Rfd8 16. Kh2 Rd7 17. d4 Bxa2 18. Qa4 Be6 19. d5 Nxd5 20. exd5 Bxd5 21. Rfd1 Rad8 22. Bxd5 Rxd5 23. Rxd5 Rxd5 24. Qxa7 c4 25. Re1 h5 26. Qa4 b5 27. Qa8+ Rd8 28. Qe4 f5 29. Qc2 Bf6 30. g4 hxg4 31. hxg4 Qh7+ 32. Kg2 Qh4 33. Ng3 Qxg4 34. Qe2 Qxe2+ 35. Rxe2 Rd3 36. Bb6 f4 37. Rf2 Rxg3+ 38. Kh2 g5 39. Bc7 Kf7 40. Rd2 Rd3 41. Rg2 e4 42. Re2 e3 43. Kg2 Rd2 44. Kf3 g4+ 0-1

[Event "XVII Orsha-2019 Open"]
[Site "Orsha"]
[Date "2019.01.20"]
[Round "5.34"]
[White "Bialiauski, Artsiom"]
[Black "Vlasov, Andrey"]
[Result "1-0"]
[ECO "D00"]
[WhiteElo "1914"]
[BlackElo "2316"]
[PlyCount "55"]
[EventDate "2019.01.18"]
[EventType "swiss"]
[EventCountry "BLR"]
[TimeControl "5400+30"]

1. d4 d5 2. Nc3 c6 3. Nf3 Nf6 4. Bf4 Bg4 5. e3 e6 6. Qd2 Nbd7 7. Be2 Bb4 8. Bd3 O-O 9. a3 Be7 10. h3 Bxf3 11. gxf3 c5 12. O-O Nh5 13. Bh2 cxd4 14. exd4 Bh4 15. Kh1 Qf6 16. f4 g6 17. Ne2 Rfc8 18. c3 Kh8 19. Rae1 Qe7 20. Ng1 Re8 21. Nf3 a6 22. f5 Ng7 23. fxg6 fxg6 24. Qh6 Nf5 25. Bxf5 gxf5 26. Qxh4 Nf6 27. Be5 Rf8 28. Ng5 1-0

[Event "XVII Orsha-2019 Open"]
[Site "Orsha"]
[Date "2019.01.20"]
[Round "5.35"]
[White "Petrosyan, Sahak"]
[Black "Gabdrakipov, Kirill"]
[Result "1-0"]
[ECO "C77"]
[WhiteElo "1835"]
[BlackElo "1901"]
[PlyCount "77"]
[EventDate "2019.01.18"]
[EventType "swiss"]
[EventCountry "BLR"]
[TimeControl "5400+30"]

1. e4 e5 2. Nf3 Nc6 3. Bb5 a6 4. Ba4 Nf6 5. d3 b5 6. Bb3 d6 7. Ng5 d5 8. exd5 Nd4 9. c4 Bf5 10. Nc3 Bb4 11. O-O Bxc3 12. bxc3 Nxb3 13. axb3 O-O 14. Re1 Re8 15. Ba3 bxc4 16. dxc4 h6 17. Nf3 Bg4 18. h3 Bh5 19. g4 e4 20. gxh5 exf3 21. Qxf3 Rb8 22. Bc5 Rxb3 23. Bd4 Nh7 24. Kh1 Ng5 25. Qg3 f6 26. Rg1 Qe7 27. h4 Ne4 28. Qf4 Qd7 29. Qf3 c6 30. Rg4 cxd5 31. Rag1 Re7 32. Bxf6 Nxf6 33. Qxf6 dxc4 34. R1g2 Rf7 35. Qe5 Rb5 36. Qe4 Qc7 37. Rg6 Re5 38. Qa8+ Kh7 39. Rxh6+ 1-0

[Event "XVII Orsha-2019 Open"]
[Site "Orsha"]
[Date "2019.01.20"]
[Round "5.36"]
[White "Kolosovskaya, Olga"]
[Black "Masterova, Daria"]
[Result "1-0"]
[ECO "D94"]
[WhiteElo "1855"]
[BlackElo "1500"]
[PlyCount "47"]
[EventDate "2019.01.18"]
[EventType "swiss"]
[EventCountry "BLR"]
[TimeControl "5400+30"]

1. d4 d5 2. c4 c6 3. Nf3 Nf6 4. e3 Nbd7 5. Bd3 g6 6. O-O Bg7 7. cxd5 cxd5 8. Nc3 O-O 9. Qb3 Nb6 10. Bd2 Be6 11. Ng5 Qc8 12. Rfc1 Qd7 13. Nxe6 Qxe6 14. Nb5 Ne8 15. Ba5 Nd7 16. Nc3 b6 17. Bb4 Nc7 18. Ne2 Rac8 19. Nf4 Qf6 20. Rxc7 Rxc7 21. Nxd5 Qg5 22. Nxc7 Rc8 23. Nd5 e6 24. Ne7+ 1-0

[Event "XVII Orsha-2019 Open"]
[Site "Orsha"]
[Date "2019.01.20"]
[Round "5.37"]
[White "Sokolov, Sergey"]
[Black "Shaban, Aliaksandra"]
[Result "1-0"]
[ECO "A46"]
[WhiteElo "1756"]
[BlackElo "1482"]
[PlyCount "51"]
[EventDate "2019.01.18"]
[EventType "swiss"]
[EventCountry "BLR"]
[TimeControl "5400+30"]

1. d4 d5 2. Bf4 c5 3. e3 e6 4. Nf3 Qb6 5. Qc1 Nc6 6. c3 Nf6 7. h3 Bd7 8. Be2 Rc8 9. O-O Be7 10. Nbd2 cxd4 11. exd4 a6 12. Re1 O-O 13. Bd3 Nb4 14. Bb1 Bb5 15. Ne5 Nc6 16. Ndf3 a5 17. Qc2 Qa6 18. Nd7 Rfd8 19. Nxf6+ Bxf6 20. Qxh7+ Kf8 21. Bg5 Ne7 22. Qh8+ Ng8 23. Bh7 Bxg5 24. Nxg5 Ke7 25. Qxg7 Kd6 26. Nxf7+ 1-0

[Event "XVII Orsha-2019 Open"]
[Site "Orsha"]
[Date "2019.01.20"]
[Round "5.38"]
[White "Loshakov, Dmitry"]
[Black "Platnitski, Siarhei"]
[Result "1-0"]
[ECO "A48"]
[WhiteElo "1852"]
[BlackElo "1383"]
[PlyCount "157"]
[EventDate "2019.01.18"]
[EventType "swiss"]
[EventCountry "BLR"]
[TimeControl "5400+30"]

1. d4 Nf6 2. Nf3 g6 3. Bg5 Bg7 4. Nbd2 h6 5. Bh4 O-O 6. e3 d6 7. Bd3 c5 8. c3 Nbd7 9. O-O a6 10. a4 Rb8 11. Qe2 Re8 12. b4 cxb4 13. cxb4 Nf8 14. b5 a5 15. Rac1 Be6 16. Rc2 Rc8 17. Rfc1 Qd7 18. Nc4 Bxc4 19. Bxc4 Ne6 20. Nd2 d5 21. Bb3 Rxc2 22. Rxc2 g5 23. Bg3 Rc8 24. Qd1 Qd8 25. Be5 Rxc2 26. Qxc2 Nh5 27. Bxg7 Nhxg7 28. Qa2 Nc7 29. b6 Nce6 30. Bxd5 Qxb6 31. Qb3 Qxb3 32. Nxb3 b6 33. Nd2 Nc7 34. Bc6 Nge6 35. Nc4 Nd8 36. Bf3 b5 37. axb5 Nxb5 38. Nxa5 Kg7 39. Kf1 Nd6 40. Ke2 Kf6 41. Kd3 Ke6 42. e4 f6 43. Bg4+ Kf7 44. Bh5+ Ke6 45. Nb3 Kd7 46. Nc5+ Kc7 47. e5 fxe5 48. dxe5 N6b7 49. Nxb7 Kxb7 50. Ke4 e6 51. f4 gxf4 52. Kxf4 Kc7 53. Be8 Nb7 54. Kg4 Kd8 55. Bb5 Ke7 56. Kh5 Nd8 57. Kxh6 Nf7+ 58. Kg7 Nxe5 59. h4 Nf7 60. h5 e5 61. h6 e4 62. h7 e3 63. h8=Q Nxh8 64. Kxh8 Kf6 65. Be2 Kg5 66. g4 Kh6 67. Kg8 Kg6 68. Kf8 Kf6 69. Ke8 Ke6 70. Kd8 Kd6 71. Kc8 Kc6 72. Kb8 Kd6 73. Kb7 Kd7 74. Kb6 Kd6 75. Kb5 Kd5 76. Kb4 Kd4 77. Kb3 Kd5 78. Kc3 Ke4 79. Kc4 1-0

[Event "XVII Orsha-2019 Open"]
[Site "Orsha"]
[Date "2019.01.20"]
[Round "5.40"]
[White "Kulikov, Egor"]
[Black "Borodulin, Pavel"]
[Result "0-1"]
[ECO "B22"]
[WhiteElo "1557"]
[BlackElo "1481"]
[PlyCount "96"]
[EventDate "2019.01.18"]
[EventType "swiss"]
[EventCountry "BLR"]
[TimeControl "5400+30"]

1. e4 c5 2. c3 d6 3. d4 cxd4 4. cxd4 Nf6 5. Nc3 g6 6. Nf3 Bg7 7. Bc4 O-O 8. O-O Nc6 9. Be3 Bg4 10. Be2 Rc8 11. h3 Bxf3 12. Bxf3 a6 13. Qd2 b5 14. Rac1 e6 15. Ne2 Qd7 16. Bh6 Bxh6 17. Qxh6 Nb4 18. Qd2 Nc6 19. b4 Rfd8 20. a3 Qe7 21. Qg5 Nd7 22. Qxe7 Nxe7 23. Rxc8 Rxc8 24. Rc1 Rxc1+ 25. Nxc1 Nb6 26. Be2 Nc6 27. Nb3 Nc4 28. Bxc4 bxc4 29. Nd2 c3 30. Nb3 c2 31. d5 Ne5 32. Nc1 exd5 33. exd5 Nc4 34. Kf1 Nxa3 35. Ke2 Kg7 36. Kd3 Kf6 37. Kc3 Ke5 38. Kb3 Nb5 39. Kxc2 Kxd5 40. Kb3 Nd4+ 41. Kc3 g5 42. f3 h5 43. Kd3 f5 44. Na2 h4 45. Nc3+ Ke5 46. Kc4 Nc2 47. Nd1 Kf4 48. Kd3 Nxb4+ 0-1

[Event "XVII Orsha-2019 Open"]
[Site "Orsha"]
[Date "2019.01.21"]
[Round "6"]
[White "Moskalenko, Alexander"]
[Black "Zabotin, Alexander"]
[Result "1-0"]
[ECO "A05"]
[WhiteElo "2517"]
[BlackElo "2484"]
[Annotator "ChessBase"]
[PlyCount "235"]
[EventDate "2019.01.18"]
[EventType "swiss"]
[EventCountry "BLR"]
[SourceTitle "playchess.com"]
[Source "ChessBase"]
[SourceQuality "1"]
[TimeControl "5400+30"]

1. Nf3 Nf6 2. c4 e6 3. g3 b6 4. Bg2 Bb7 5. O-O c5 6. b3 Be7 7. Bb2 O-O 8. Nc3 d5 9. e3 Nc6 10. cxd5 Nxd5 11. Nxd5 Qxd5 12. d4 Qd8 13. dxc5 Bxc5 14. Ne5 Nxe5 15. Bxb7 Rb8 16. Be4 Nd7 17. b4 Be7 18. Qa4 Bf6 19. Rad1 Bxb2 20. Rxd7 Qf6 21. Qxa7 Qc3 22. b5 Qe5 23. Bc6 Bc3 24. Qa3 Rbd8 25. Rfd1 Rxd7 26. Rxd7 Qf6 27. Qc1 g6 28. Kg2 Ba5 29. Qd1 h5 30. h3 Qc3 31. Be4 Qf6 32. Qd6 Be1 33. Qf4 Kg7 34. Qxf6+ Kxf6 35. a3 g5 36. Kf1 Ba5 37. Ke2 h4 38. gxh4 gxh4 39. Bf3 Kg5 40. Re7 Kf6 41. Rc7 Kg5 42. Rd7 Kg6 43. Bc6 Kf6 44. Kf3 Rg8 45. Rb7 Rd8 46. Kg4 Rg8+ 47. Kf3 Rd8 48. Ra7 Rg8 49. Rd7 Rg5 50. Rd4 Rf5+ 51. Ke2 Rh5 52. Ra4 Ke7 53. Rg4 Kf6 54. a4 Rh8 55. Rc4 Rh5 56. Bf3 Rh8 57. Bb7 Ke5 58. Rc7 Kf6 59. Bc6 Rg8 60. Rb7 Rf8 61. Kf3 Rh8 62. Ke4 Rd8 63. Kf4 Rg8 64. Ke4 Rd8 65. Kf3 Rg8 66. Rd7 Bc3 67. Ke2 Ba5 68. Bf3 Kg6 69. Rc7 Rd8 70. Rc4 Rh8 71. Rf4 Kg7 72. Be4 Rh6 73. Rg4+ Kf8 74. Bc6 Rh8 75. Rg5 Ke7 76. Kf3 Be1 77. Rg4 Rh5 78. Rd4 Kf6 79. Ke2 Ba5 80. Rd8 Rc5 81. Rd4 Rh5 82. f4 Rc5 83. Rd7 Kg7 84. Ra7 Kf8 85. Kd3 Rc1 86. Ke4 Rc5 87. Kd4 Bc3+ 88. Ke4 Bb4 89. Rb7 Ba5 90. Kf3 Rc4 91. f5 exf5 92. Bd5 Rxa4 93. Rxf7+ Ke8 94. Rxf5 Ra3 95. Rh5 Bd2 96. Ke2 Bc1 97. Re5+ Kd7 98. Re6 Rc3 99. e4 Rxh3 100. Rxb6 Rc3 101. Rb7+ Kd6 102. b6 h3 103. Rf7 h2 104. b7 Rc2+ 105. Kd1 h1=Q+ 106. Kxc2 Qh8 107. Kxc1 Ke5 108. Rc7 Qh6+ 109. Kc2 Qb6 110. Rc8 Qf2+ 111. Kb3 Qb6+ 112. Kc4 Qa6+ 113. Kc5 Qa5+ 114. Kc6 Qc3+ 115. Kd7 Qh3+ 116. Kc7 Qc3+ 117. Kd8 Qa5+ 118. Ke8 {[%emt 0:00:19] Kxe4} 1-0

[Event "XVII Orsha-2019 Open"]
[Site "Orsha"]
[Date "2019.01.21"]
[Round "6"]
[White "Tihonov, Jurij"]
[Black "Strybuk, Artsiom I"]
[Result "1-0"]
[ECO "A05"]
[WhiteElo "2399"]
[BlackElo "2110"]
[Annotator "ChessBase"]
[PlyCount "135"]
[EventDate "2019.01.18"]
[EventType "swiss"]
[EventCountry "BLR"]
[SourceTitle "playchess.com"]
[Source "ChessBase"]
[SourceQuality "1"]
[TimeControl "5400+30"]

1. Nf3 Nf6 2. c4 g6 3. Nc3 d5 4. cxd5 Nxd5 5. h4 Bg7 6. h5 Nxc3 7. bxc3 c5 8. g3 b6 9. Bg2 Bb7 10. Rb1 Nc6 11. Qa4 Qd7 12. Kf1 O-O-O 13. c4 Ne5 14. Qxa7 Bxf3 15. Qxd7+ Rxd7 16. Bxf3 Nxc4 17. d3 Ne5 18. Bg2 Kc7 19. Rh4 Nc6 20. Ra4 Rd4 21. Ra6 Rb8 22. Bd2 gxh5 23. a4 Rd6 24. a5 Nxa5 25. Bxa5 bxa5 26. Ra7+ Kc8 27. Rxb8+ Kxb8 28. Rb7+ Kc8 29. Rxe7 Bd4 30. e3 Bb2 31. Ke2 a4 32. Rxf7 a3 33. Ra7 h4 34. gxh4 Rh6 35. Bd5 Rxh4 36. Kf3 Rh1 37. Kg2 Rd1 38. Bc4 Rd2 39. Rxh7 Rxd3 40. Bxd3 a2 41. Rh1 a1=Q 42. Rxa1 Bxa1 43. f4 Kd7 44. e4 Ke6 45. Kf3 Kf6 46. Bc4 Bd4 47. Ke2 Ba1 48. Bb3 Bb2 49. Kd2 Ba1 50. Bd1 Bd4 51. Kd3 Bb2 52. Bg4 Bd4 53. Kc4 Ke7 54. e5 Be3 55. f5 Bg5 56. Kd5 Bh4 57. Be2 c4 58. Bxc4 Bg5 59. Ke4 Bh4 60. Kf4 Kf8 61. f6 Be1 62. e6 Bb4 63. Be2 Ba3 64. Bh5 Bb4 65. Ke4 Bc5 66. Kd5 Bb4 67. Kc6 Ba3 68. Kd7 1-0

[Event "XVII Orsha-2019 Open"]
[Site "Orsha"]
[Date "2019.01.21"]
[Round "6"]
[White "Papunidi, Matvey"]
[Black "Shkalov, Oleg"]
[Result "0-1"]
[ECO "B06"]
[WhiteElo "2113"]
[BlackElo "2225"]
[Annotator "NA RC"]
[PlyCount "80"]
[EventDate "2019.01.18"]
[EventType "swiss"]
[EventCountry "BLR"]
[SourceTitle "playchess.com"]
[Source "ChessBase"]
[SourceQuality "1"]
[TimeControl "5400+30"]

1. e4 g6 2. d4 Bg7 3. Nc3 c5 4. Nf3 cxd4 5. Nxd4 Nc6 6. Be3 Nf6 7. Nxc6 bxc6 8. e5 Ng8 9. Bd4 f6 10. f4 Qa5 11. Qe2 c5 {[%emt 0:03:57] B34: Sicilian: Accelerated Dragon with 5 Nc3: sidelines} (11... fxe5 12. Bxe5 Nf6 13. Qc4 Qb6 14. O-O-O d6 15. Bd4 c5 16. Nd5 Qd8 17. Nxf6+ Bxf6 18. Bxf6 exf6 19. Qe4+ {1-0 (19) Baklan,V (2604)-Patrascu,C (2280) Baile Govora 2017}) 12. Bf2 Rb8 13. Rb1 Rxb2 14. Qd2 $146 ({Predecessor:} 14. Rxb2 Qxc3+ 15. Qd2 Qxb2 16. Be2 Qa1+ 17. Bd1 fxe5 18. O-O exf4 19. Qxf4 Qe5 20. Qc4 Nf6 21. Bxc5 Qd5 22. Qb4 a5 23. Qa3 d6 {0-1 (23) Gaede,D-Regert,C Lingen 1996}) 14... Rxb1+ 15. Nxb1 Qxa2 16. Qc1 fxe5 17. fxe5 Qd5 18. Qe3 Qxe5 19. Qxe5 Bxe5 20. Bxc5 a6 21. Bd3 d6 22. Ba3 Nh6 23. Be4 O-O 24. Nd2 Rf4 25. Bd5+ e6 26. Bc6 Rf7 27. Nf3 Bc3+ 28. Ke2 Rc7 29. Ba4 Nf7 30. Rb1 Kf8 31. Rb6 {[%emt 0:02:26] [#]} Ke7 $1 32. g3 Bb7 33. Nd2 Bd4 34. Rb1 Ne5 35. Bb2 Bxb2 36. Rxb2 Bc6 37. Bxc6 Nxc6 38. Ne4 d5 39. Ng5 h6 40. Nh3 e5 $19 0-1

[Event "XVII Orsha-2019 Open"]
[Site "Orsha"]
[Date "2019.01.21"]
[Round "6.11"]
[White "Mihajlovskij, Sergei"]
[Black "Bury, Gleb M"]
[Result "1-0"]
[ECO "D90"]
[WhiteElo "2406"]
[BlackElo "1961"]
[PlyCount "86"]
[EventDate "2019.01.18"]
[EventType "swiss"]
[EventCountry "BLR"]
[TimeControl "5400+30"]

1. Nf3 Nf6 2. c4 g6 3. Nc3 Bg7 4. d4 d5 5. cxd5 Nxd5 6. Bd2 O-O 7. h4 c5 8. dxc5 Nxc3 9. Bxc3 Bxc3+ 10. bxc3 Qxd1+ 11. Rxd1 Be6 12. h5 Nc6 13. a3 Rfd8 14. Nd4 Bd5 15. hxg6 hxg6 16. f3 e5 17. Nb5 Bb3 18. Rb1 Na5 19. Rh4 Rac8 20. Rb4 Rxc5 21. Nxa7 Bc4 22. Rb6 Ra8 23. Nb5 Bxb5 24. R6xb5 Rxc3 25. Rxe5 Rxa3 26. Kf2 Rc8 27. Kg3 Rc7 28. Reb5 Rc2 29. e4 Raa2 30. e5 Kg7 31. Rd5 Rd2 32. Rxd2 Rxd2 33. f4 Ra2 34. Rb6 Ra3+ 35. Kg4 Kf8 36. g3 Ra2 37. Kg5 Ke7 38. g4 Ra3 39. Rb5 Kd7 40. Bg2 Kc7 41. Bd5 Nc6 42. Bxf7 Nd4 43. Rd5 Ne2 1-0

[Event "XVII Orsha-2019 Open"]
[Site "Orsha"]
[Date "2019.01.21"]
[Round "6.12"]
[White "Egorenkov, Igor"]
[Black "Bogacheva, Anna"]
[Result "1-0"]
[ECO "A40"]
[WhiteElo "2213"]
[BlackElo "1955"]
[PlyCount "55"]
[EventDate "2019.01.18"]
[EventType "swiss"]
[EventCountry "BLR"]
[TimeControl "5400+30"]

1. e4 c5 2. Nf3 g6 3. c4 Bg7 4. d4 cxd4 5. Nxd4 Qb6 6. Nb3 Nc6 7. Nc3 Qb4 8. Bd2 Qd6 9. c5 Qb8 10. Qc1 b6 11. cxb6 axb6 12. f4 Nh6 13. Bb5 Ba6 14. O-O f5 15. e5 Bxb5 16. Nxb5 O-O 17. e6 Na5 18. exd7 Nxb3 19. axb3 Rxa1 20. Qc4+ Nf7 21. Rxa1 Bxb2 22. Ra7 Bf6 23. Be3 Kg7 24. Qc7 g5 25. Nd4 Qxc7 26. Ne6+ Kh6 27. Rxc7 Ra8 28. fxg5+ 1-0

[Event "XVII Orsha-2019 Open"]
[Site "Orsha"]
[Date "2019.01.21"]
[Round "6.13"]
[White "Stashis, Anna"]
[Black "Paniagua Chnelik, Sebastian"]
[Result "1-0"]
[ECO "C45"]
[WhiteElo "1931"]
[BlackElo "2188"]
[PlyCount "111"]
[EventDate "2019.01.18"]
[EventType "swiss"]
[EventCountry "BLR"]
[TimeControl "5400+30"]

1. e4 e5 2. Nf3 Nc6 3. d4 exd4 4. Nxd4 Nf6 5. Nxc6 bxc6 6. e5 Qe7 7. Qe2 Nd5 8. Nd2 g5 9. Ne4 h6 10. c4 Ba6 11. Qg4 Nb4 12. Nf6+ Kd8 13. Qe4 Bg7 14. a3 Nc2+ 15. Qxc2 Bxf6 16. Be2 Qxe5 17. O-O Re8 18. Bd3 Ke7 19. Qa4 Bb7 20. Qb4+ Qd6 21. Qxb7 Qxd3 22. Qxc7 Kf8 23. Be3 Be5 24. Qa5 Qxc4 25. Rad1 d5 26. b3 Qxb3 27. Qc5+ Kg7 28. Qxc6 Qxa3 29. Rxd5 Qc3 30. Rc5 Qb2 31. Rb5 Qc3 32. Rc5 Qd3 33. Rxe5 Rxe5 34. Qxa8 a5 35. Qa7 Rd5 36. h3 h5 37. Rc1 g4 38. Qb8 gxh3 39. Qg3+ Kh7 40. Rc6 Qd1+ 41. Kh2 Qg4 42. Qxg4 hxg4 43. gxh3 Rh5 44. h4 Rxh4+ 45. Kg3 Rh5 46. Kxg4 Rb5 47. Rc5 Rb4+ 48. Kf5 a4 49. Kf6 Rb8 50. Kxf7 Rb7+ 51. Ke6 Rb6+ 52. Kd5 Ra6 53. Rc7+ Kg6 54. Ra7 Rxa7 55. Bxa7 a3 56. Ke4 1-0

[Event "XVII Orsha-2019 Open"]
[Site "Orsha"]
[Date "2019.01.21"]
[Round "6.14"]
[White "Naumovich, Yaroslav"]
[Black "Galkin, Gleb"]
[Result "1/2-1/2"]
[ECO "C50"]
[WhiteElo "1915"]
[BlackElo "2156"]
[PlyCount "114"]
[EventDate "2019.01.18"]
[EventType "swiss"]
[EventCountry "BLR"]
[TimeControl "5400+30"]

1. e4 e5 2. Nf3 Nc6 3. Bc4 Bc5 4. d3 Nf6 5. O-O d6 6. Be3 Bb6 7. h3 Be6 8. Nbd2 O-O 9. Re1 Bxe3 10. fxe3 Bxc4 11. Nxc4 b5 12. Ncd2 d5 13. Qe2 Rb8 14. c3 dxe4 15. Nxe4 Nxe4 16. dxe4 Qf6 17. Rad1 Qg6 18. Qc2 Rfd8 19. b3 Qe6 20. Re2 f6 21. Red2 Rxd2 22. Rxd2 Kf7 23. Qd1 Ke7 24. Rd5 b4 25. Qd3 bxc3 26. Qxc3 Rd8 27. Qc5+ Rd6 28. Nd2 Kf7 29. Nc4 Rd7 30. b4 a6 31. b5 Nb8 32. a4 axb5 33. axb5 Rxd5 34. exd5 Qe7 35. Qa7 Qb4 36. Qxc7+ Kg6 37. Qxb8 Qxc4 38. Qe8+ Kh6 39. Qc6 Qb4 40. Qc1 Qxb5 41. Qd2 Qd7 42. d6 g6 43. Qd5 Kg7 44. Kh2 Kf8 45. Kg3 Kg7 46. Kf3 Qf5+ 47. Ke2 Qd7 48. g4 h5 49. g5 fxg5 50. Qxe5+ Kf7 51. Qd5+ Qe6 52. Qc6 Qa2+ 53. Kd3 Qb1+ 54. Ke2 Qb2+ 55. Kf3 Qf6+ 56. Ke4 Qf5+ 57. Kd4 Ke6 1/2-1/2

[Event "XVII Orsha-2019 Open"]
[Site "Orsha"]
[Date "2019.01.21"]
[Round "6.15"]
[White "Runets, Ivan"]
[Black "Vainerchuk, Barys"]
[Result "1/2-1/2"]
[ECO "A81"]
[WhiteElo "2118"]
[BlackElo "1907"]
[PlyCount "102"]
[EventDate "2019.01.18"]
[EventType "swiss"]
[EventCountry "BLR"]
[TimeControl "5400+30"]

1. d4 f5 2. g3 Nf6 3. Bg2 d6 4. d5 e5 5. dxe6 c6 6. Nf3 Bxe6 7. O-O Be7 8. Nd4 Qd7 9. Nxe6 Qxe6 10. Nd2 O-O 11. c4 Na6 12. b3 Rad8 13. Bb2 Ne4 14. a3 d5 15. Nxe4 dxe4 16. Qc2 Rd7 17. Rad1 Rfd8 18. Bc1 Bf6 19. f3 e3 20. f4 Bd4 21. b4 Nc7 22. Rd3 Ne8 23. Qb3 Nf6 24. Bf3 Ne4 25. Kg2 c5 26. b5 Qf6 27. Bxe4 fxe4 28. Rdd1 Qe6 29. Bxe3 Bxe3 30. Rxd7 Rxd7 31. Qxe3 b6 32. Qb3 Rd2 33. Qe3 Rd7 34. Rc1 Rd4 35. Qb3 Qd7 36. Qe3 Kf8 37. Rc2 Qe6 38. Qb3 Kf7 39. a4 Rd1 40. Rc3 Rd2 41. Rc2 e3 42. Rxd2 Qe4+ 43. Kh3 exd2 44. Qd1 Qe3 45. Kg2 Qc3 46. e4 g6 47. Kf2 Qd4+ 48. Ke2 Qxe4+ 49. Kxd2 Qd4+ 50. Ke1 Qg1+ 51. Kd2 Qd4+ 1/2-1/2

[Event "XVII Orsha-2019 Open"]
[Site "Orsha"]
[Date "2019.01.21"]
[Round "6.16"]
[White "Navumenka, Mikhei"]
[Black "Spizharny, Mikhail"]
[Result "1-0"]
[ECO "D17"]
[WhiteElo "2104"]
[BlackElo "1923"]
[PlyCount "87"]
[EventDate "2019.01.18"]
[EventType "swiss"]
[EventCountry "BLR"]
[TimeControl "5400+30"]

1. d4 Nf6 2. c4 c6 3. Nc3 d5 4. Nf3 dxc4 5. a4 Bf5 6. g3 Nbd7 7. Bg2 e6 8. O-O Be7 9. Nd2 Nb6 10. a5 Nbd5 11. Nxc4 Nb4 12. a6 bxa6 13. Ne5 Rc8 14. e4 Bg6 15. f4 Nd7 16. Nc4 h6 17. Be3 O-O 18. Rf2 Nf6 19. Ne5 Bh7 20. Rd2 Qc7 21. h4 Rfd8 22. Qe2 c5 23. Rad1 Nd7 24. Nxd7 Rxd7 25. d5 Rcd8 26. dxe6 fxe6 27. Qc4 Kf7 28. Bh3 Qc6 29. Qxe6+ Qxe6 30. Bxe6+ Kxe6 31. f5+ Kf7 32. Rxd7 Rxd7 33. Rxd7 Nc6 34. Nd5 Ke8 35. Rc7 Bd6 36. Rxc6 Bxg3 37. Rxa6 Bxh4 38. Bxc5 Bd8 39. Rxa7 Bg8 40. Nf4 Bf7 41. Ne6 Bxe6 42. fxe6 g5 43. Rg7 Bf6 44. Rg8# 1-0

[Event "XVII Orsha-2019 Open"]
[Site "Orsha"]
[Date "2019.01.21"]
[Round "6.17"]
[White "Staravoitava, Hanna"]
[Black "Gabdrakipov, Ilshat"]
[Result "0-1"]
[ECO "C68"]
[WhiteElo "1864"]
[BlackElo "2098"]
[PlyCount "106"]
[EventDate "2019.01.18"]
[EventType "swiss"]
[EventCountry "BLR"]
[TimeControl "5400+30"]

1. e4 e5 2. Nf3 Nc6 3. Bb5 a6 4. Bxc6 dxc6 5. d3 Bc5 6. Nbd2 Be6 7. Qe2 f6 8. Nb3 Bd6 9. Be3 b6 10. h3 c5 11. g3 Ne7 12. Nh4 Qd7 13. f4 g6 14. Qg2 Qc6 15. O-O exf4 16. Bxf4 Bxf4 17. gxf4 O-O-O 18. Nf3 g5 19. f5 Bf7 20. Nfd2 h5 21. Rae1 Rhe8 22. Nc1 h4 23. Nf3 Bh5 24. Nh2 c4 25. Kh1 Kb8 26. Re3 Qc5 27. Qd2 Nd5 28. Ree1 Nf4 29. Qe3 Qb5 30. b3 cxd3 31. a4 Qd7 32. cxd3 Nxd3 33. Nxd3 Qxd3 34. Qxd3 Rxd3 35. e5 fxe5 36. f6 Rxh3 37. Rf5 e4 38. Rxg5 Bf7 39. b4 Rb3 40. Rg7 Bd5 41. Rg5 Bf7 42. Rg7 Rf8 43. Ng4 Be6 44. Ne5 Rxf6 45. Nc6+ Kb7 46. Nd8+ Kc8 47. Nc6 e3 48. Kg1 b5 49. axb5 axb5 50. Ra1 e2 51. Na7+ Kb7 52. Nxb5 Rf1+ 53. Rxf1 exf1=Q+ 0-1